NCAA
NORTHWESTERN WILDCATS @ VIRGINIA CAVALIERS
04/23/2023
 
TOP OF THE 1ST
Northwestern Wildcats batting - Pitching for Virginia Cavaliers : RHP Lloyd Davis
Pitching: RHP Lloyd Davis
Batting: RHB Pablo Velásquez 0-0: Called Strike
0-1: Foul Ball, location: 2F
0-2: Foul Ball, location: 2F
0-2: Ball
1-2: Ball
2-2: Foul Ball, location: 2F
2-2: Strikes out swinging
Batting: RHB John Miller 0-0: Ball
1-0: Swinging Strike
1-1: Ball
2-1: Ball
3-1: Base on Balls
Batting: SHB Arnold Maddox 0-0: Ball
1-0: Swinging Strike
1-1: Ball
2-1: Ball
3-1: Base on Balls
John Miller to second
Batting: RHB Robbie Davis 0-0: Ball
1-0: Foul Ball, location: 2F
1-1: Ball
2-1: Foul Ball, location: 2F
2-2: Ball
3-2: Foul Ball, location: 2F
3-2: Fly out, F9 (Flyball, 89M)
Batting: RHB Woody Hall 0-0: Fly out, F4 (Popup, 4D)
Top of the 1st over - 0 run(s), 0 hit(s), 0 error(s), 2 left on base; Northwestern 0 - Virginia 0
BOTTOM OF THE 1ST
Virginia Cavaliers batting - Pitching for Northwestern Wildcats : LHP Ben Madison
Pitching: LHP Ben Madison
Batting: LHB John Frost 0-0: Called Strike
0-1: Fly out, F6 (Popup, 6MD)
Batting: RHB Curt Owens 0-0: Called Strike
0-1: Ground out 5-3 (Groundball, 5S)
Batting: RHB John Warren 0-0: Swinging Strike
0-1: Foul Ball, location: 2F
0-2: SOLO HOME RUN (Line Drive, 9D), Distance : 355 ft
Batting: LHB José Márquez 0-0: Called Strike
0-1: Ground out 4-3 (Groundball, 34)
Bottom of the 1st over - 1 run(s), 1 hit(s), 0 error(s), 0 left on base; Northwestern 0 - Virginia 1
TOP OF THE 2ND
Northwestern Wildcats batting - Pitching for Virginia Cavaliers : RHP Lloyd Davis
Batting: RHB Truman Younger 0-0: Foul Ball, location: 2F
0-1: Ball
1-1: Swinging Strike
1-2: Foul Ball, location: 2F
1-2: Fly out, F5 (Popup, 25F)
Batting: RHB Howard Russell 0-0: Ball
1-0: Foul Ball, location: 2F
1-1: Foul Ball, location: 2F
1-2: Foul Ball, location: 2F
1-2: SINGLE (Line Drive, 89S)
Batting: RHB Thomas Brennan 0-0: Ball
1-0: SINGLE (Groundball, 15S) (infield hit)
Howard Russell to second
Batting: RHB Bill Christian 0-0: Ball
1-0: Called Strike
1-1: DOUBLE (Line Drive, 9LS)
Howard Russell scores
Thomas Brennan to third
Runner from 3rd tries for Home, throw and OUT!
Bill Christian to third
Batting: RHB Pablo Velásquez 0-0: Fly out, F4 (Popup, 4S)
Top of the 2nd over - 1 run(s), 3 hit(s), 0 error(s), 1 left on base; Northwestern 1 - Virginia 1
BOTTOM OF THE 2ND
Virginia Cavaliers batting - Pitching for Northwestern Wildcats : LHP Ben Madison
Batting: RHB Rafael Ornelas 0-0: Foul Ball, location: 2F
0-1: Called Strike
0-2: Strikes out swinging
Batting: RHB John Dorsey 0-0: SINGLE (Groundball, 4D)
Batting: RHB David Crosby 0-0: Ball
1-0: Swinging Strike
1-1: Foul Ball, location: 2F
1-2: Ground out 4-3 (Groundball, 13)
John Dorsey to second
Batting: RHB Ty Ford 0-0: Foul Ball, location: 2F
0-1: Called Strike
0-2: Ball
1-2: Ball
2-2: Strikes out looking
Bottom of the 2nd over - 0 run(s), 1 hit(s), 0 error(s), 1 left on base; Northwestern 1 - Virginia 1
TOP OF THE 3RD
Northwestern Wildcats batting - Pitching for Virginia Cavaliers : RHP Lloyd Davis
Batting: RHB John Miller 0-0: Ball
1-0: Swinging Strike
1-1: Ball
2-1: Foul Ball, location: 2F
2-2: Ball
3-2: Strikes out swinging
Batting: SHB Arnold Maddox 0-0: Called Strike
0-1: Ball
1-1: Fly out, F8 (Flyball, 8LM)
Batting: RHB Robbie Davis 0-0: Called Strike
0-1: Called Strike
0-2: Ball
1-2: Ball
2-2: Ball
3-2: Foul Ball, location: 2F
3-2: Base on Balls
Batting: RHB Woody Hall 0-0: Called Strike
0-1: Foul Ball, location: 2F
0-2: Strikes out swinging
Top of the 3rd over - 0 run(s), 0 hit(s), 0 error(s), 1 left on base; Northwestern 1 - Virginia 1
BOTTOM OF THE 3RD
Virginia Cavaliers batting - Pitching for Northwestern Wildcats : LHP Ben Madison
Batting: RHB Jeff Land 0-0: Called Strike
0-1: Swinging Strike
0-2: Ball
1-2: Strikes out swinging
Batting: LHB John Frost 0-0: Ball
1-0: Foul Ball, location: 2F
1-1: SINGLE (Flyball, 89S)
Batting: RHB Curt Owens 0-0: Called Strike
0-1: Ball
1-1: Ball
2-1: SINGLE (Flyball, 9LS)
John Frost to second
Runner from 2nd tries for 3rd, SAFE, throw made to third
Batting: RHB John Warren 0-0: SINGLE (Groundball, 5L)
John Frost scores
Curt Owens to second
Batting: LHB José Márquez 0-0: Foul Ball, location: 2F
0-1: Grounds into double play, 1-6-3 (Groundball, 13)
Bottom of the 3rd over - 1 run(s), 3 hit(s), 0 error(s), 1 left on base; Northwestern 1 - Virginia 2
TOP OF THE 4TH
Northwestern Wildcats batting - Pitching for Virginia Cavaliers : RHP Lloyd Davis
Batting: RHB Truman Younger 0-0: Ball
1-0: Ball
2-0: Called Strike
2-1: Ball
3-1: Called Strike
3-2: Foul Ball, location: 2F
3-2: Base on Balls
Batting: RHB Howard Russell 0-0: Called Strike
0-1: Fly out, F9 (Flyball, 9LS)
Batting: RHB Thomas Brennan 0-0: Swinging Strike
0-1: Fly out, F9 (Flyball, 9LM)
Batting: RHB Bill Christian 0-0: Foul Ball, location: 2F
0-1: Called Strike
0-2: Strikes out swinging
Top of the 4th over - 0 run(s), 0 hit(s), 0 error(s), 1 left on base; Northwestern 1 - Virginia 2
BOTTOM OF THE 4TH
Virginia Cavaliers batting - Pitching for Northwestern Wildcats : LHP Ben Madison
Batting: RHB Rafael Ornelas 0-0: Ball
1-0: Called Strike
1-1: Foul Ball, location: 2F
1-2: Strikes out swinging
Batting: RHB John Dorsey 0-0: Ball
1-0: Ball
2-0: Called Strike
2-1: DOUBLE (Line Drive, 9LS)
Batting: RHB David Crosby 0-0: Ball
1-0: Called Strike
1-1: DOUBLE (Line Drive, 8LXD)
John Dorsey scores
Batting: RHB Ty Ford 0-0: Called Strike
0-1: Fly out, F7 (Flyball, 7M)
Batting: RHB Jeff Land 0-0: Ball
1-0: Ball
2-0: Ball
3-0: Base on Balls
Batting: LHB John Frost 0-0: Called Strike
0-1: Foul Ball, location: 2F
0-2: Ball
1-2: SINGLE (Flyball, 8LS)
David Crosby to third
Jeff Land to second
Runner from 3rd tries for Home, SAFE, no throw or cutoff
Batting: RHB Curt Owens 0-0: Called Strike
0-1: Called Strike
0-2: Ball
1-2: Ball
2-2: Foul Ball, location: 2F
2-2: Strikes out swinging
Bottom of the 4th over - 2 run(s), 3 hit(s), 0 error(s), 2 left on base; Northwestern 1 - Virginia 4
TOP OF THE 5TH
Northwestern Wildcats batting - Pitching for Virginia Cavaliers : RHP Lloyd Davis
Batting: RHB Pablo Velásquez 0-0: Ground out 6-3 (Groundball, 6)
Batting: RHB John Miller 0-0: Swinging Strike
0-1: Ball
1-1: SINGLE (Line Drive, 8RS)
Batting: SHB Arnold Maddox 0-0: Ball
1-0: SINGLE (Groundball, 6MD)
John Miller to second
Pitching: RHP Joe Hopkins
Batting: RHB Robbie Davis 0-0: Ball
1-0: Swinging Strike
1-1: Called Strike
1-2: Strikes out swinging
Batting: RHB Woody Hall 0-0: Called Strike
0-1: Called Strike
0-2: Foul Ball, location: 2F
0-2: Ball
1-2: Foul Ball, location: 2F
1-2: Ball
2-2: 3-RUN HOME RUN (Flyball, 8LXD), Distance : 389 ft
Batting: RHB Truman Younger 0-0: Ball
1-0: Swinging Strike
1-1: Ball
2-1: Foul Ball, location: 2F
2-2: Strikes out swinging
Top of the 5th over - 3 run(s), 3 hit(s), 0 error(s), 0 left on base; Northwestern 4 - Virginia 4
BOTTOM OF THE 5TH
Virginia Cavaliers batting - Pitching for Northwestern Wildcats : LHP Ben Madison
Batting: RHB John Warren 0-0: Ball
1-0: Ball
2-0: Foul Ball, location: 2F
2-1: Foul Ball, location: 2F
2-2: Ball
3-2: Ground out 1-3 (Groundball, 13)
Batting: LHB José Márquez 0-0: Foul Ball, location: 2F
0-1: Foul Ball, location: 2F
0-2: Foul Ball, location: 2F
0-2: Foul Ball, location: 2F
0-2: Ball
1-2: SINGLE (Line Drive, 9LS)
Batting: RHB Rafael Ornelas 0-0: Ball
1-0: Foul Ball, location: 2F
1-1: Foul Ball, location: 2F
1-2: Ball
2-2: Grounds into double play, 5-4-3 (Groundball, 5D)
Bottom of the 5th over - 0 run(s), 1 hit(s), 0 error(s), 0 left on base; Northwestern 4 - Virginia 4
TOP OF THE 6TH
Northwestern Wildcats batting - Pitching for Virginia Cavaliers : RHP Joe Hopkins
Batting: RHB Howard Russell 0-0: Ball
1-0: Ball
2-0: Ball
3-0: Called Strike
3-1: Base on Balls
Batting: RHB Thomas Brennan 0-0: Called Strike
0-1: Ball
1-1: Called Strike
Howard Russell is caught stealing 2nd base
1-2: SINGLE (Flyball, 89S)
Batting: RHB Bill Christian 0-0: Ball
1-0: Called Strike
1-1: Swinging Strike
1-2: Ball
2-2: Foul Ball, location: 2F
2-2: Strikes out swinging
Batting: RHB Pablo Velásquez 0-0: Called Strike
0-1: Swinging Strike
0-2: Strikes out swinging
Top of the 6th over - 0 run(s), 1 hit(s), 0 error(s), 1 left on base; Northwestern 4 - Virginia 4
BOTTOM OF THE 6TH
Virginia Cavaliers batting - Pitching for Northwestern Wildcats : LHP Ben Madison
Pitching: RHP Daniel Washington
Batting: RHB John Dorsey 0-0: Ball
1-0: Ball
2-0: Called Strike
2-1: Ball
3-1: Foul Ball, location: 2F
3-2: Base on Balls
Batting: RHB David Crosby 0-0: Ball
1-0: Foul Ball, location: 2F
1-1: SINGLE (Line Drive, 4MD)
John Dorsey to second
Batting: RHB Ty Ford Balk!
John Dorsey to third
David Crosby to second
0-0: Intentional Walk
Batting: RHB Jeff Land 0-0: Swinging Strike
0-1: Foul Ball, location: 2F
0-2: Foul Ball, location: 2F
0-2: Ball
1-2: Ball
2-2: Strikes out looking
Batting: LHB John Frost 0-0: Ball
1-0: Ball
2-0: Called Strike
2-1: SINGLE (Flyball, 78S)
John Dorsey scores
David Crosby to third
Ty Ford to second
Runner from 3rd tries for Home, SAFE, throw made home
Ty Ford to third
John Frost to second
Batting: RHB Curt Owens 0-0: Ball
1-0: Called Strike
1-1: Foul Ball, location: 2F
1-2: Strikes out swinging
Batting: RHB John Warren 0-0: Swinging Strike
0-1: Ball
1-1: Swinging Strike
1-2: Strikes out swinging
Bottom of the 6th over - 2 run(s), 2 hit(s), 0 error(s), 2 left on base; Northwestern 4 - Virginia 6
TOP OF THE 7TH
Northwestern Wildcats batting - Pitching for Virginia Cavaliers : RHP Joe Hopkins
Batting: RHB John Miller 0-0: Foul Ball, location: 2F
0-1: Ball
1-1: Swinging Strike
1-2: Foul Ball, location: 2F
1-2: Fly out, F3 (Line Drive, 3)
Pitching: RHP Doug Caine
Batting: SHB Arnold Maddox 0-0: Ball
1-0: Called Strike
1-1: Swinging Strike
1-2: Ball
2-2: Ball
3-2: Foul Ball, location: 2F
3-2: Strikes out swinging
Batting: RHB Robbie Davis 0-0: Called Strike
0-1: SINGLE (Line Drive, 56)
Batting: RHB Woody Hall 0-0: Ball
1-0: Swinging Strike
1-1: Called Strike
1-2: Strikes out swinging
Top of the 7th over - 0 run(s), 1 hit(s), 0 error(s), 1 left on base; Northwestern 4 - Virginia 6
BOTTOM OF THE 7TH
Virginia Cavaliers batting - Pitching for Northwestern Wildcats : RHP Daniel Washington
Batting: LHB José Márquez 0-0: Ball
1-0: Ball
2-0: Ball
3-0: Fly out, F6 (Popup, 6MD)
Pitching: RHP Ken Ferguson
Batting: RHB Rafael Ornelas 0-0: Called Strike
0-1: Foul Ball, location: 2F
0-2: Ball
1-2: Strikes out swinging
Batting: RHB John Dorsey 0-0: Called Strike
0-1: Ball
1-1: Swinging Strike
1-2: Ball
2-2: Foul Ball, location: 2F
2-2: Strikes out swinging
Bottom of the 7th over - 0 run(s), 0 hit(s), 0 error(s), 0 left on base; Northwestern 4 - Virginia 6
TOP OF THE 8TH
Northwestern Wildcats batting - Pitching for Virginia Cavaliers : RHP Doug Caine
Batting: RHB Truman Younger 0-0: Foul Ball, location: 2F
0-1: Fly out, F5 (Popup, 25)
Batting: RHB Howard Russell 0-0: Ball
1-0: Ball
2-0: Fly out, F8 (Flyball, 8LM)
Batting: RHB Thomas Brennan 0-0: Ball
1-0: Ball
2-0: SINGLE (Line Drive, 7S)
Pitching: RHP Sergio Chávez
Batting: RHB Bill Christian 0-0: Hit by Pitch
Thomas Brennan to second
Batting: RHB Pablo Velásquez 0-0: Called Strike
0-1: Called Strike
0-2: Strikes out swinging
Top of the 8th over - 0 run(s), 1 hit(s), 0 error(s), 2 left on base; Northwestern 4 - Virginia 6
BOTTOM OF THE 8TH
Virginia Cavaliers batting - Pitching for Northwestern Wildcats : RHP Ken Ferguson
Batting: RHB David Crosby 0-0: Called Strike
0-1: Ball
1-1: Foul Ball, location: 2F
1-2: Ball
2-2: Fly out, F4 (Line Drive, 4)
Batting: RHB Ty Ford 0-0: Ball
1-0: Ball
2-0: Swinging Strike
2-1: Ball
3-1: Base on Balls
Batting: RHB Jeff Land 0-0: 2-RUN HOME RUN (Flyball, 7LD), Distance : 337 ft
Batting: LHB John Frost 0-0: Foul Ball, location: 2F
0-1: Ball
1-1: Called Strike
1-2: Ball
2-2: Foul Ball, location: 2F
2-2: Foul Ball, location: 2F
2-2: Strikes out swinging
Batting: RHB Curt Owens 0-0: Foul Ball, location: 2F
0-1: Ball
1-1: Foul Ball, location: 2F
1-2: Ball
2-2: Ball
3-2: Base on Balls
Batting: RHB John Warren 0-0: Ball
1-0: Foul Ball, location: 2F
1-1: Ball
2-1: SINGLE (Groundball, 6MD)
Curt Owens to second
Runner from 2nd tries for 3rd, SAFE, throw made to third
Batting: LHB José Márquez 0-0: Ball
1-0: Called Strike
1-1: Ball
2-1: Ball
3-1: Base on Balls
John Warren to second
Batting: RHB Rafael Ornelas 0-0: Foul Ball, location: 2F
0-1: Ball
1-1: Ball
2-1: Ball
3-1: Foul Ball, location: 2F
3-2: Foul Ball, location: 2F
3-2: GRAND SLAM HOME RUN (Line Drive, 7D), Distance : 360 ft
Batting: RHB John Dorsey 0-0: Called Strike
0-1: Swinging Strike
0-2: Ball
1-2: Foul Ball, location: 2F
1-2: Fly out, F5 (Line Drive, 56)
Bottom of the 8th over - 6 run(s), 3 hit(s), 0 error(s), 0 left on base; Northwestern 4 - Virginia 12
TOP OF THE 9TH
Northwestern Wildcats batting - Pitching for Virginia Cavaliers : RHP Sergio Chávez
Now at C: David Carter
Batting: RHB John Miller 0-0: Called Strike
0-1: Called Strike
0-2: Foul Ball, location: 2F
0-2: Foul Ball, location: 2F
0-2: Ball
1-2: Strikes out looking
Batting: SHB Arnold Maddox 0-0: Ball
1-0: Foul Ball, location: 2F
1-1: Swinging Strike
1-2: Ball
2-2: Ball
3-2: Base on Balls
Pinch Hitting: SHB Tim Taylor 0-0: Called Strike
0-1: Grounds into double play, 5-4-3 (Groundball, 56)
Top of the 9th over - 0 run(s), 0 hit(s), 0 error(s), 0 left on base; Northwestern 4 - Virginia 12
This league is powered by Out of the Park Baseball, the baseball management simulation game for PC, Mac and Linux
Wednesday, December 2nd, 2015 - OOTP Baseball 16.8 Build 38